 Dungeon Crawl Stone Soup version 0.21.0-3-g78d12a8 (webtiles) character file.

66042 theanonym the Reanimator (level 14, -8/122 HPs)
             Began as a Demigod Necromancer on Jan 14, 2018.
             Killed from afar by Azrael (24 damage)
             ... with a fireball
             ... on level 2 of the Orcish Mines.
             The game lasted 01:38:54 (24471 turns).

theanonym the Reanimator (Demigod Necromancer)     Turns: 24471, Time: 01:38:55

Health: -8/122     AC:  8    Str: 14    XL:     14   Next: 38%
Magic:  29/31      EV: 15    Int: 27    God:
Gold:   1982       SH:  0    Dex: 16    Spells: 4/29 levels left

rFire    . . .     SeeInvis .   L - +4 executioner's axe (drain)
rCold    + . .     Gourm    .   (shield currently unavailable)
rNeg     + . .     Faith    .   E - +0 leather armour {4}
rPois    .         Spirit   .   (no helmet)
rElec    .         Reflect  .   P - +0 cloak
rCorr    .         Harm     .   q - +1 pair of gloves
MR       ++...                  Z - +0 pair of boots
Stlth    +++.......             h - amulet of regeneration {Regen+}
HPRegen  1.70/turn              T - ring of positive energy {rN+rN+}
MPRegen  0.22/turn              I - ring of Qesiloge {+Inv rC+ MR+ Str+3 Stlth+}

@: regenerating
A: high mp 1
a: Evoke Invisibility


Innate Abilities, Weirdness & Mutations

You have an increased reservoir of magic. (+10% MP)


   Skills:
 + Level 10.3 Fighting
 - Level 5.2 Armour
 + Level 5.7 Dodging
 - Level 1.7 Stealth
 + Level 8.4 Spellcasting
 - Level 3.0 Charms
 + Level 14.7 Necromancy
 - Level 5.2 Ice Magic
 - Level 8.0 Earth Magic
 - Level 6.0 Poison Magic


You had 4 spell levels left.
You knew the following spells:

 Your Spells              Type           Power        Failure   Level  Hunger
a - Pain                  Necr           ####         0%          1    None
b - Animate Skeleton      Necr           N/A          0%          1    None
c - Vampiric Draining     Necr           ######....   1%          3    None
d - Animate Dead          Necr           N/A          1%          4    ##.....
e - Borgnjor's Vile Clut  Necr/Erth      ######....   1%          5    ####...
f - Olgreb's Toxic Radia  Pois           #####...     4%          4    ##.....
g - Ozocubu's Armour      Chrm/Ice       ####....     3%          3    None
q - Apportation           Tloc           ##....       6%          1    None
r - Regeneration          Chrm/Necr      ######....   1%          3    None

Skill      XL: |  1  2  3  4  5  6  7  8  9 10 11 12 13 14 |
---------------+-------------------------------------------+-----
Necromancy     | 4 5 6 7 8 10 11 14 | 14.7
Spellcasting   | 2 3 4 5 6 7 8 |  8.4
Armour         | 1 4 5 |  5.2
Charms         | 2 3 |  3.0
Fighting       | 4 5 8 9 10 | 10.3
Earth Magic    | 1 5 6 8 |  8.0
Poison Magic   | 4 6 |  6.0
Ice Magic      | 3 4 5 |  5.2
Dodging        | 2 5 |  5.7
Stealth        | |  1.7

Action                   |  1- 3 |  4- 6 |  7- 9 | 10-12 | 13-15 || total
-------------------------+-------+-------+-------+-------+-------++-------
Melee: Short sword       |     6 |     4 |       |       |       ||    10
       Morningstar       |       |    29 |       |       |       ||    29
       Broad axe         |       |    39 |    36 |       |    13 ||    88
       Whip              |       |       |    24 |    99 |       ||   123
       Staff             |       |       |       |    27 |    78 ||   105
       Executioner's axe |       |       |       |       |    13 ||    13
Throw: Throwing net      |       |       |     3 |       |     1 ||     4
 Cast: Pain              |    76 |   142 |   169 |   260 |   194 ||   841
       Vampiric Draining |       |     6 |    25 |     6 |     2 ||    39
       Animate Skeleton  |       |     7 |    12 |     5 |    14 ||    38
       Regeneration      |       |       |     5 |     1 |    11 ||    17
       Animate Dead      |       |       |     2 |    45 |    45 ||    92
       Borgnjor's Vile C |       |       |     1 |    91 |   109 ||   201
       Olgreb's Toxic Ra |       |       |       |    51 |    60 ||   111
       Ozocubu's Armour  |       |       |       |     9 |    18 ||    27
Evoke: Wand              |       |     9 |     7 |     5 |    13 ||    34
  Use: Scroll            |       |     5 |     8 |     6 |     3 ||    22
       Potion            |       |       |     1 |       |       ||     1
 Stab: Distracted        |       |       |       |     1 |       ||     1
       Paralysed         |       |       |       |       |     6 ||     6
       Petrified         |       |       |       |       |     1 ||     1
  Eat: Chunk             |     1 |    10 |     9 |    19 |    35 ||    74
       Ration            |     1 |     1 |     1 |    11 |     5 ||    19
Armor: Robe              |    12 |     9 |       |       |       ||    21
       Leather armour    |       |     6 |    14 |    46 |    73 ||   139
       Ring mail         |       |    20 |    58 |    68 |       ||   146
Dodge: Dodged            |    24 |   102 |    94 |   143 |   151 ||   514

Inventory:

Hand Weapons
 m - a +0 broad axe
   (You found it on level 5 of the Dungeon)
 L - a +4 executioner's axe of draining (weapon)
   (You took it off Rupert on level 2 of the Orcish Mines)
Missiles
 V - a throwing net (quivered)
Armour
 q - a +1 pair of gloves (worn)
   (You found it on level 2 of the Dungeon)
 E - a +0 leather armour (worn) {4}
   (You took it off an orc on level 3 of the Dungeon)
 O - a +2 scale mail of fire resistance {10}
   (You took it off Rupert on level 2 of the Orcish Mines)
 P - a +0 cloak (worn)
   (You took it off Crazy Yiuf on level 6 of the Dungeon)
 Z - a +0 pair of boots (worn)
   (You found it on level 10 of the Dungeon)
Magical Staves
 a - an uncursed staff of power {MP+17}
   (You found it on level 1 of the Lair of Beasts)
Jewellery
 b - an uncursed amulet of the gourmand {unknown}
   (You found it on level 6 of the Lair of Beasts)
 c - an uncursed ring of see invisible {SInv}
   (You found it on level 1 of the Lair of Beasts)
 h - an amulet of regeneration (around neck) {Regen+}
   (You found it on level 1 of the Dungeon)
 r - a cursed amulet of inaccuracy {unknown}
   (You found it on level 6 of the Lair of Beasts)
 G - an uncursed ring of wizardry {Wiz}
   (You found it on level 5 of the Dungeon)
 I - the ring of Qesiloge (right hand) {+Inv rC+ MR+ Str+3 Stlth+}
   (You found it on level 6 of the Dungeon)

   [ring of stealth]

   It affects your strength (+3).
   It protects you from cold.
   It affects your resistance to hostile enchantments.
   It lets you turn invisible.
   It makes you more stealthy.
 T - a ring of positive energy (left hand) {rN+rN+}
   (You found it on level 11 of the Dungeon)
 W - an uncursed ring of poison resistance {rPoisrPois}
   (You found it on level 10 of the Dungeon)
Wands
 d - a wand of digging (29)
   (You found it on level 4 of the Lair of Beasts)
 u - a wand of iceblast (26)
   (You found it on level 2 of the Dungeon)
 v - a wand of acid (9)
   (You found it on level 5 of the Lair of Beasts)
 D - a wand of polymorph (22)
   (You found it on level 7 of the Dungeon)
 F - a wand of flame (88)
   (You took it off a goblin on level 5 of the Dungeon)
 R - a wand of random effects (14)
   (You found it on level 6 of the Lair of Beasts)
 U - a wand of paralysis (14)
   (You found it on level 8 of the Dungeon)
Scrolls
 j - 2 scrolls of enchant weapon
 k - 5 scrolls of remove curse
 s - 2 scrolls of fear
 t - 4 scrolls of teleportation {!r}
 y - 3 scrolls of magic mapping {unknown}
 z - a scroll of fog {unknown}
 A - a scroll of torment {unknown}
 C - 2 scrolls of brand weapon {unknown}
 H - a scroll of acquirement {unknown}
 K - a scroll of holy word {unknown}
 M - 3 scrolls of amnesia
 N - 7 scrolls of immolation
 X - 3 scrolls of enchant armour
Potions
 f - 2 potions of agility
 g - a potion of lignification
 i - 3 potions of cancellation
 l - a potion of berserk rage
 n - 3 potions of brilliance
 o - a potion of flight {unknown}
 p - 5 potions of heal wounds
 w - 5 potions of curing
 x - 3 potions of might
 B - 3 potions of ambrosia
 J - 2 potions of haste
 S - 3 potions of invisibility
Comestibles
 e - 25 rations


You were on level 2 of the Orcish Mines.
You were not hungry.

You visited 3 branches of the dungeon, and saw 19 of its levels.
You also visited: Bailey.

You collected 1982 gold pieces.

Dungeon Overview and Level Annotations

Branches:
Dungeon (11/15)            Temple (0/1) D:5            Lair (6/6) D:10
  Swamp (0/4) Lair:3       Spider (0/4) Lair:2        Slime (0/5) Lair:5
    Orc (2/2) D:11            Elf (0/3) Orc:2

Shops:
D:6 (   Orc:2 }*:!

Portals:
Trove: D:10 (give 8 scrolls of blinking)

Annotations:
D:11 Exporg's ghost, journeyman MiFi
Orc:2 Azrael

......#.#........#........[(
.......####..........).)....
#
........####)......[.#....#.
#.
........#>........##)[...#§
..
#...........[#######.#$...
#.#.#.#........### ##[....
#........)....## ###.#.
.#........R#.### #...
####[.....@....## #.#.
##.........)[....# .....
##..........[.....# ##....
#.........##....### #...#
#.......####....## ##.#
##.......###......## #. .
#......####..[.....#'# .
##.....[####<........# .
#####.[[[............# .


You could see Azrael.

Notes
Turn   | Place    | Note
-------+----------+-------------------------------------------
     0 | D:1      | theanonym the Demigod Necromancer began the quest for the Orb.
     0 | D:1      | Reached XP level 1. HP: 14/14 MP: 5/5
   372 | D:1      | Reached skill level 4 in Necromancy
   469 | D:1      | Reached XP level 2. HP: 18/20 MP: 1/7
  1541 | D:2      | Reached XP level 3. HP: 26/26 MP: 6/8
  1705 | D:2      | Found a faded altar of an unknown god.
  1708 | D:2      | Reached skill level 5 in Necromancy
  1859 | D:2      | HP: 12/26 [ooze (2)]
  1866 | D:2      | HP: 6/26 [poisoned by an adder]
  1874 | D:2      | HP: 6/26 [poisoned by an adder]
  2079 | D:2      | Reached XP level 4. HP: 33/33 MP: 6/9
  2084 | D:2      | Learned a level 3 spell: Vampiric Draining
  2928 | D:3      | Reached skill level 2 in Spellcasting
  2971 | D:3      | Learned a level 3 spell: Regeneration
  3187 | D:2      | Reached XP level 5. HP: 27/38 MP: 1/11
  3346 | D:3      | Learned a level 1 spell: Animate Skeleton
  3544 | D:4      | Reached skill level 6 in Necromancy
  3909 | D:4      | Reached XP level 6. HP: 44/45 MP: 7/12
  4453 | D:4      | Reached skill level 7 in Necromancy
  4766 | D:5      | Entered Level 5 of the Dungeon
  4844 | D:5      | Found a radiant altar of Vehumet.
  5017 | D:5      | Found a staircase to the Ecumenical Temple.
  5497 | D:6      | Got a slimy bone ring
  5498 | D:6      | Identified the ring of Qesiloge {+Inv rC+ MR+ Str+3 Stlth+} (You found it on level 6 of the Dungeon)
  5548 | D:6      | Reached skill level 1 in Armour
  5635 | D:6      | Reached XP level 7. HP: 38/50 MP: 11/13
  5691 | D:6      | Reached skill level 2 in Armour
  5860 | D:6      | Found Jeplouzo's Antique Weapon Boutique.
  5939 | D:7      | Noticed Pikel
  6144 | D:7      | HP: 20/50 [orc/wand of flame (29) (8)]
  6150 | D:7      | HP: 23/50 [orc/trident (3)]
  6209 | D:7      | Found a flagged portal.
  6221 | D:7      | HP: 25/50 [gnoll/hand axe (4)]
  6229 | Bailey   | Entered a bailey
  6337 | Bailey   | Noticed an orc knight
  6534 | D:6      | Found a hazy altar of Hepliaklqana.
  6624 | D:5      | Reached skill level 3 in Armour
  6624 | D:5      | Reached skill level 3 in Spellcasting
  6624 | D:5      | Reached skill level 8 in Necromancy
  6746 | D:6      | Tovarisch: привет, до какого числа турнир?
  6824 | D:6      | theanonym: 21
  6938 | D:6      | Found a runed door.
  7047 | D:6      | Noticed Crazy Yiuf
  7051 | D:6      | Killed Crazy Yiuf
  7059 | D:6      | Got a transparent mace
  7060 | D:6      | Identified the +1 mace of No Interval {antimagic, +Blink rC- rN+ Dex+6} (You found it on level 6 of the Dungeon)
  7290 | D:7      | Reached skill level 4 in Armour
  7290 | D:7      | Reached XP level 8. HP: 57/57 MP: 3/15
  7453 | D:7      | Learned a level 4 spell: Animate Dead
  7622 | D:7      | Noticed Menkaure
  7713 | D:6      | Killed Pikel
  7713 | D:6      | Reached skill level 5 in Armour
  7713 | D:6      | Reached skill level 9 in Necromancy
  8109 | D:8      | Noticed Joseph
  8127 | D:8      | Killed Joseph
  8248 | D:8      | Reached skill level 10 in Necromancy
  8369 | D:8      | Noticed a two-headed ogre
  8470 | D:8      | Reached skill level 1 in Charms
  8507 | D:8      | HP: 20/57 [two-headed ogre/giant club (9)]
  8508 | D:8      | Killed a two-headed ogre
  8508 | D:8      | Reached skill level 4 in Spellcasting
  8508 | D:8      | Reached skill level 2 in Charms
  8508 | D:8      | Reached XP level 9. HP: 27/62 MP: 2/18
  8525 | D:8      | Reached skill level 3 in Charms
  8638 | D:8      | Noticed a two-headed ogre
  8644 | D:8      | HP: 31/62 [two-headed ogre/giant spiked club (16)]
  8830 | D:8      | Noticed Erica
  8860 | D:7      | Reached skill level 1 in Fighting
  8893 | D:8      | Killed a two-headed ogre
  8893 | D:8      | Reached skill level 3 in Fighting
  8893 | D:8      | Reached skill level 5 in Spellcasting
  8978 | D:8      | Killed Erica
  8978 | D:8      | Reached skill level 4 in Fighting
  9050 | D:8      | Learned a level 5 spell: Borgnjor's Vile Clutch
  9244 | D:8      | Noticed a three-headed hydra
  9278 | D:8      | Reached skill level 1 in Earth Magic
  9287 | D:8      | Reached XP level 10. HP: 71/80 MP: 10/22
  9308 | D:8      | Reached skill level 2 in Earth Magic
  9464 | D:8      | Reached skill level 3 in Earth Magic
  9556 | D:8      | HP: 38/80 [three-headed hydra (6)]
  9559 | D:8      | HP: 17/80 [three-headed hydra (9)]
  9666 | D:8      | Killed a three-headed hydra
  9666 | D:8      | Reached skill level 6 in Spellcasting
  9666 | D:8      | Reached skill level 4 in Earth Magic
  9808 | D:9      | Noticed a two-headed ogre
  9816 | D:9      | Killed a two-headed ogre
  9816 | D:9      | Reached skill level 5 in Earth Magic
  9822 | D:9      | Learned a level 4 spell: Olgreb's Toxic Radiance
 10041 | D:9      | Reached skill level 1 in Poison Magic
 10293 | D:9      | Found an iron altar of Okawaru.
 10527 | D:9      | Reached skill level 5 in Fighting
 10527 | D:9      | Reached skill level 2 in Poison Magic
 10684 | D:9      | Noticed Grum
 10695 | D:9      | Reached skill level 3 in Poison Magic
 10696 | D:9      | Killed Grum
 11361 | D:10     | Entered Level 10 of the Dungeon
 11415 | D:10     | Reached skill level 4 in Poison Magic
 11418 | D:10     | Noticed a two-headed ogre
 11427 | D:10     | Killed a two-headed ogre
 11672 | D:10     | Reached XP level 11. HP: 87/89 MP: 20/24
 11706 | D:10     | Found a portal to a secret trove of treasure.
 11736 | D:10     | Reached skill level 5 in Poison Magic
 11756 | D:10     | Found a staircase to the Lair.
 11832 | D:10     | Reached skill level 6 in Fighting
 12093 | Lair:1   | Entered Level 1 of the Lair of Beasts
 12972 | Lair:2   | Reached skill level 6 in Poison Magic
 13131 | Lair:2   | Reached skill level 7 in Fighting
 13131 | Lair:2   | Reached skill level 7 in Spellcasting
 13238 | Lair:2   | Found a hole to the Spider Nest.
 13303 | Lair:2   | Learned a level 3 spell: Ozocubu's Armour
 14204 | Lair:3   | Reached skill level 1 in Ice Magic
 14419 | Lair:3   | Reached skill level 6 in Earth Magic
 14491 | Lair:3   | Reached skill level 2 in Ice Magic
 14986 | Lair:3   | Reached skill level 3 in Ice Magic
 14987 | Lair:3   | Reached skill level 8 in Fighting
 15205 | Lair:3   | Reached XP level 12. HP: 90/101 MP: 22/26
 15213 | Lair:3   | Found a staircase to the Swamp.
 15797 | Lair:4   | Reached skill level 7 in Earth Magic
 16223 | Lair:4   | Reached skill level 11 in Necromancy
 16452 | Lair:4   | Reached skill level 9 in Fighting
 16507 | Lair:4   | Noticed an eight-headed hydra
 16515 | Lair:4   | Killed an eight-headed hydra
 16515 | Lair:4   | Reached skill level 8 in Spellcasting
 16820 | Lair:4   | Reached skill level 8 in Earth Magic
 17331 | Lair:5   | Found a viscous altar of Jiyva.
 17332 | Lair:5   | Found a staircase to the Slime Pits.
 17379 | Lair:5   | Noticed an eight-headed hydra
 17389 | Lair:5   | Killed an eight-headed hydra
 17389 | Lair:5   | Reached skill level 2 in Dodging
 17614 | Lair:5   | Reached XP level 13. HP: 111/112 MP: 20/29
 17908 | Lair:5   | Noticed Nessos
 17918 | Lair:5   | Killed Nessos
 17918 | Lair:5   | Reached skill level 3 in Dodging
 17936 | Lair:5   | Found a hazy altar of Hepliaklqana.
 17988 | Lair:5   | Learned a level 1 spell: Apportation
 18248 | Lair:6   | Entered Level 6 of the Lair of Beasts
 18289 | Lair:6   | Reached skill level 10 in Fighting
 18486 | Lair:6   | Reached skill level 12 in Necromancy
 18540 | Lair:6   | Reached skill level 4 in Dodging
 18944 | Lair:6   | Reached skill level 5 in Dodging
 19312 | Lair:6   | Reached skill level 13 in Necromancy
 19316 | Lair:6   | Noticed a dire elephant
 19323 | Lair:6   | Killed a dire elephant
 20317 | Lair:6   | Reached skill level 14 in Necromancy
 20855 | D:11     | Noticed Exporg's ghost (journeyman MiFi)
 21035 | D:10     | Got a crystal war axe {vamp}
 21223 | D:11     | Paralysed by a hornet for 3 turns
 21363 | D:11     | Reached skill level 4 in Ice Magic
 21363 | D:11     | Reached XP level 14. HP: 103/121 MP: 22/30
 21546 | D:11     | Found a staircase to the Orcish Mines.
 21591 | D:11     | Identified the +5 war axe "Okyax" {vamp, *Corrode rC+ Dex+4} (You took it off an orc on level 10 of the Dungeon)
 21710 | D:11     | HP: 49/121 [Exporg's ghost (22)]
 21716 | D:10     | HP: 56/121 [poisoned by Exporg's ghost]
 22132 | D:7      | Killed Menkaure
 22240 | Orc:1    | Entered Level 1 of the Orcish Mines
 22501 | Orc:2    | Entered Level 2 of the Orcish Mines
 22620 | Orc:2    | Noticed Rupert
 22643 | Orc:2    | Killed Rupert
 22643 | Orc:2    | Reached skill level 5 in Ice Magic
 23104 | Orc:1    | Found a bloodstained altar of Trog.
 23259 | Orc:2    | Found a staircase to the Elven Halls.
 24068 | Orc:2    | Found Kemyer's Assorted Antiques.
 24068 | Orc:2    | Found Wuazicsi's Gadget Shop.
 24068 | Orc:2    | Found Orgh's Book Boutique.
 24073 | Orc:2    | Found Ochiucer's Distillery.
 24211 | Orc:2    | Noticed Azrael
 24300 | Orc:2    | HP: 59/121 [fire elemental[Azrael] (12)]
 24302 | Orc:2    | HP: 27/121 [fire elemental[Azrael] (14)]
 24470 | Orc:2    | HP: 52/122 [Azrael/fireball (26)]
 24471 | Orc:2    | HP: 16/122 [Azrael/damnation (39)]
 24471 | Orc:2    | Killed from afar by Azrael

Vanquished Creatures
  Rupert (Orc:2)
  A stone giant (Orc:2)
  Nessos (Lair:5)
  2 hydras
  A catoblepas (Lair:6)
  4 two-headed ogres
  5 death yaks (Lair:6)
  2 orc high priests (Orc:2)
  An orc knight (Orc:2)
  Pikel (D:6)
  4 orc sorcerers (Orc:2)
  3 cyclopes (D:11)
  4 oklob plants (Lair:6)
  An ugly thing (D:11)
  A centaur zombie (D:11)
  15 elephants
  Joseph (D:8)
  A black mamba (Lair:5)
  7 spiny frogs
  4 rime drakes
  4 komodo dragons
  A polar bear (Lair:6)
  A queen bee (Lair:3)
  2 trolls (Orc:1)
  A hornet (D:10)
  10 blink frogs
  2 dream sheep (D:8)
  5 hippogriffs
  58 yaks
  A shadow (D:11)
  5 wyverns
  A fire elemental (Orc:2)
  4 basilisks
  A steam dragon (Lair:3)
  Grum (D:9)
  Menkaure (D:7)
  3 wargs
  6 vampire mosquitoes (Lair:3)
  5 hell hounds (Orc:2)
  3 porcupines
  8 water moccasins
  3 black bears
  A sky beast (D:11)
  15 orc warriors
  A slave (D:6)
  An ice beast (D:11)
  4 phantoms
  11 ogres
  7 wolves
  7 centaurs
  8 crocodiles
  3 big kobolds (D:8)
  10 bullfrogs
  A scorpion (D:10)
  26 killer bees
  2 howler monkeys (D:10)
  4 wights (D:11)
  2 crimson imps
  A bullfrog zombie (D:11)
  2 jellies
  Crazy Yiuf (D:6)
  3 hounds
  14 orc priests
  25 orc wizards
  A bullfrog skeleton (D:4)
  An iguana (D:6)
  8 worker ants
  2 hell rats
  A killer bee zombie (D:10)
  2 hound zombies
  2 hound skeletons
  A howler monkey zombie (D:9)
  15 adders
  9 gnolls
  7 river rats
  A shadow imp (D:6)
  2 oozes
  An adder skeleton (D:7)
  A worm (D:2)
  A dart slug (D:1)
  72 orcs
  11 bats
  11 giant cockroaches
  18 goblins
  13 hobgoblins
  7 jackals
  4 quokkas
  A ball python (D:4)
  3 frilled lizards
  7 kobolds
  A quokka skeleton (D:5)
  A quokka zombie (D:6)
  11 rats
  2 butterflies (Lair:3)
  8 fungi
  7 plants
567 creatures vanquished.

Vanquished Creatures (collateral kills)
  A dire elephant (Lair:6)
  4 hydras
  Erica (D:8)
  2 two-headed ogres
  A death yak (Lair:6)
  A deep troll shaman (Lair:6)
  An orc knight (Orc:2)
  An ugly thing (D:11)
  A black mamba (Lair:4)
  4 elephants
  2 spiny frogs
  A rime drake (Lair:6)
  2 komodo dragons
  A polar bear (Lair:6)
  A hornet (D:11)
  4 blink frogs
  4 hippogriffs
  A basilisk (Lair:5)
  9 yaks
  A hungry ghost (D:9)
  3 vampire mosquitoes (Lair:3)
  A water moccasin (Lair:2)
  A porcupine (Lair:4)
  2 orc warriors (Orc:2)
  An ice beast (D:11)
  A black bear (D:11)
  A sky beast (D:10)
  2 ogres
  A necrophage (D:8)
  A wolf (Lair:6)
  2 crocodiles
  4 killer bees (Lair:3)
  A crimson imp (D:11)
  9 orc wizards
  A jelly (D:9)
  A bullfrog skeleton (D:4)
  An orc priest (Orc:2)
  A hound (D:11)
  A hell rat (Lair:6)
  An adder (D:9)
  9 orcs
  A jackal (D:6)
  A fungus (Lair:3)
  5 plants
95 creatures vanquished.

Vanquished Creatures (others)
  19 fungi
  23 plants
42 creatures vanquished.

Grand Total: 704 creatures vanquished

Table legend:
 A = Turns spent in this place as a percentage of turns spent in the entire game.
 B = Non-inter-level travel turns spent in this place as a percentage of non-inter-level travel turns spent in the entire game.
 C = Inter-level travel turns spent in this place as a percentage of turns spent in this place.
 D = Turns resting spent in this place as a percentage of non-inter-level travel turns spent in this place.
 E = Turns spent auto-exploring this place as a percentage of non-inter-level travel turns spent in this place.
 F = Non-inter-level travel turns spent in this place divided by the number of levels of this place that you've seen.
                   A       B       C       D       E      F
               +-------+-------+-------+-------+-------+----------------------
         Total | 100.0 | 100.0 |   7.7 |  35.5 |  45.5 | 1129.0
       Dungeon |  55.8 |  54.8 |   9.4 |  33.0 |  48.1 | 1124.9
          Lair |  34.6 |  35.0 |   6.6 |  36.5 |  47.2 | 1318.0
  Orcish Mines |   9.1 |   9.6 |   2.4 |  44.9 |  25.4 | 1089.0
        Bailey |   0.5 |   0.5 |   0.0 |  70.0 |  19.2 | 120.0
               +-------+-------+-------+-------+-------+----------------------
